cohdb
Replays
Latest Replays
All Replays
Popular Replays
Top Player Replays
Match Explorer
How It Works
Community
CoH3 Stats
Reddit
Sign in to upload your games and track your stats! →
Sign in with Steam
Match 42943145
Unlisted
Match 42943145
Overview
Messages
Build Orders
End
Engineer Squad
Construct Barracks
1⁄4-ton 4x4 Truck
Selects Armored Battlegroup
Selects Veteran Crews
Riflemen Squad
Mechanized Support Center
Construct Medical Station
Riflemen Squad
Construct Weapon Support Center
M3 Armored Personnel Carrier
M1919 Machine Gun Team
Grenade Package
M1918 Browning Automatic Rifles
M3 Armored Personnel Carrier
Bazooka Squad
Bazooka Squad
.30 cal Machine Gun
Selects Fast Deploy
Riflemen Squad
Construct Tank Depot
Selects Seek and Destroy
Selects UNKNOWN (2160077)
MayorPoundtown
Nester
Reiss.^
6ec95vjq
insane
PakeTuertO
Čaroděj Dobroděj
alexbrundin
0
0
Comments
sign in to comment!
No comments posted yet!